Workbook
Name AFF_CDV: #REF!
Name AFF_CDV: #REF!
Name An: #REF!
Name An: #REF!
Name ASC_4: #REF!
Name ASC_4: #REF!
Name ASC_5: #REF!
Name ASC_5: #REF!
Name ASC_6: #REF!
Name ASC_6: #REF!
Name B_SUIV: #REF!
Name B_SUIV: #REF!
Name base: #REF!
Name base: #REF!
Name base2: #REF!
Name base2: #REF!
Name cap_po: [2]CAP!$K$3:$K$15000
Name CODED: #REF!
Name CODED: #REF!
Name COMM: #REF!
Name COMM: #REF!
Name D_CREA: #REF!
Name D_CREA: #REF!
Name D_MAJ: #REF!
Name D_MAJ: #REF!
Name DAS: #REF!
Name DAS: #REF!
Name DBNEG_BIOM: #REF!
Name DBNEG_BIOM: #REF!
Name DBP1_E: #REF!
Name DBP1_E: #REF!
Name DBP1_I: #REF!
Name DBP1_I: #REF!
Name DBP2_A: #REF!
Name DBP2_A: #REF!
Name DBP2_MO: #REF!
Name DBP2_MO: #REF!
Name DBP3_A: #REF!
Name DBP3_A: #REF!
Name DBP3_MO: #REF!
Name DBP3_MO: #REF!
Name DUREE: #REF!
Name DUREE: #REF!
Name FR_PERS: #REF!
Name FR_PERS: #REF!
Name LIB_D: #REF!
Name LIB_D: #REF!
Name M_EFFET: #REF!
Name M_EFFET: #REF!
Name N_DOSS: #REF!
Name N_DOSS: #REF!
Name NB_H: #REF!
Name NB_H: #REF!
Name NDOS_R: #REF!
Name NDOS_R: #REF!
Name projet_cnr: [2]CAP!$R$3:$R$15000
Name projet_po: [2]CAP!$C$3:$C$15000
Name R_CO2: #REF!
Name R_CO2: #REF!
Name R_EBITDA: #REF!

Sheet 2 - P&L
A2: Interest expense | B2: =SUMPRODUCT(('Source '!$A$6:$A$566="01SANS")*('Source '!$C$6:$C$566="66")*N('Source '!K$6:K$566)) -> -499.4 | C2: =SUMPRODUCT(('Source '!$A$6:$A$566="01SANS")*('Source '!$C$6:$C$566="66")*N('Source '!L$6:L$566)) -> 0 | D2: =SUMPRODUCT(('Source '!$A$6:$A$566="01SANS")*('Source '!$C$6:$C$566="66")*N('Source '!M$6:M$566)) -> 0 | E2: =SUMPRODUCT(('Source '!$A$6:$A$566="01SANS")*('Source '!$C$6:$C$566="66")*N('Source '!N$6:N$566)) -> 0

Sheet Source 
A5: Section Analytique(ANA N) | B5: N° Compte Général(ANA N) | C5: Aggrégat Compte Géné | G5: Montant(ANA N-2) | H5: Montant(ANA N-1) | I5: Montant(ANA N) | J5: Montant(ANA N Semestre 1) | K5: Année
A6: 0 | B6: 64510000 | C6: 64 | D6: CHARGES | E6: =VLOOKUP(C6,[1]Analytique!$A$44:$B$202,2,FALSE) -> Charges de personnel | F6: MUTUALITE SOCIALE AGRICOLE | G6: -124.85 | K6: -124.85
A7: 0 | B7: 64512000 | C7: 64 | D7: CHARGES | E7: =VLOOKUP(C7,[1]Analytique!$A$44:$B$202,2,FALSE) -> Charges de personnel | F7: MSA INCAPACITE AGRICA | G7: -1.22 | K7: -1.22
A8: 01ADMI | B8: 60230000 | C8: 60 | D8: CHARGES | E8: =VLOOKUP(C8,[1]Analytique!$A$44:$B$202,2,FALSE) -> Achats | F8: FOURNITURES | I8: -1 105.10 | M8: -1105.1
A9: 01ADMI | B9: 60240000 | C9: 60 | D9: CHARGES | E9: =VLOOKUP(C9,[1]Analytique!$A$44:$B$202,2,FALSE) -> Achats | F9: FOURNITURES DE BUREAU | H9: -4 563.14 | I9: -1 774.12 | J9: -1 166.71 | L9: -4563.14 | M9: -1774.12 | N9: -1166.71
A10: 01ADMI | B10: 60610000 | C10: 60 | D10: CHARGES | E10: =VLOOKUP(C10,[1]Analytique!$A$44:$B$202,2,FALSE) -> Achats | F10: EAU | H10: -556.67 | I10: -158.92 | J10: -158.92 | L10: -556.67 | M10: -158.92 | N10: -158.92
A11: 01ADMI | B11: 60620000 | C11: 60 | D11: CHARGES | E11: =VLOOKUP(C11,[1]Analytique!$A$44:$B$202,2,FALSE) -> Achats | F11: GAZ | I11: -1 864.73 | J11: -1 864.73 | M11: -1864.73 | N11: -1864.73
A12: 01ADMI | B12: 60630000 | C12: 60 | D12: CHARGES | E12: =VLOOKUP(C12,[1]Analytique!$A$44:$B$202,2,FALSE) -> Achats | F12: ELECTRICITE | G12: -1 427.81 | H12: -4 662.06 | I12: -4 301.34 | J12: -1 393.70 | K12: -1427.81 | L12: -4662.06 | M12: -4301.34 | N12: -1393.7
A13: 01ADMI | B13: 60640000 | C13: 60 | D13: CHARGES | E13: =VLOOKUP(C13,[1]Analytique!$A$44:$B$202,2,FALSE) -> Achats | F13: CARBURANTS CONSOMMES | G13: -112.79 | H13: -2 715.73 | I13: -1 937.28 | J13: -1 498.11 | K13: -112.79 | L13: -2715.73 | M13: -1937.28 | N13: -1498.11
A14: 01ADMI | B14: 60650000 | C14: 60 | D14: CHARGES | E14: =VLOOKUP(C14,[1]Analytique!$A$44:$B$202,2,FALSE) -> Achats | F14: CHAUFFAGE | H14: -5 910.91 | I14: -902.2 | L14: -5910.91 | M14: -902.2
A15: 01ADMI | B15: 60660000 | C15: 60 | D15: CHARGES | E15: =VLOOKUP(C15,[1]Analytique!$A$44:$B$202,2,FALSE) -> Achats | F15: FOURNIT. ENTRETIEN & PT EQUIP. | G15: -1 058.20 | H15: -7 079.42 | I15: -5 084.14 | J15: -4 752.17 | K15: -1058.2 | L15: -7079.42 | M15: -5084.14 | N15: -4752.17
A16: 01ADMI | B16: 60710000 | C16: 60 | D16: CHARGES | E16: =VLOOKUP(C16,[1]Analytique!$A$44:$B$202,2,FALSE) -> Achats | F16: ACHATS DE VINS DE CANON | I16: -300 | J16: -300 | M16: -300 | N16: -300
A17: 01ADMI | B17: 61112000 | C17: 61 | D17: CHARGES | E17: =VLOOKUP(C17,[1]Analytique!$A$44:$B$202,2,FALSE) -> Services extérieurs | F17: SOUS TRAITANCE Autre | H17: -2 757.00 | I17: -5 325.41 | J17: -3 755.21 | L17: -2757 | M17: -5325.41 | N17: -3755.21
A18: 01ADMI | B18: 61150000 | C18: 61 | D18: CHARGES | E18: =VLOOKUP(C18,[1]Analytique!$A$44:$B$202,2,FALSE) -> Services extérieurs | F18: SURVEILLANCE SECURITAS | G18: -18 655.33 | H18: -18 951.90 | I18: -18 359.30 | J18: -11 599.58 | K18: -18655.33 | L18: -18951.9 | M18: -18359.3 | N18: -11599.58
A19: 01ADMI | B19: 61320000 | C19: 61 | D19: CHARGES | E19: =VLOOKUP(C19,[1]Analytique!$A$44:$B$202,2,FALSE) -> Services extérieurs | F19: LOCATIONS DE MATERIEL | G19: -291.73 | H19: -10 791.65 | I19: -10 720.16 | J19: -6 583.05 | K19: -291.73 | L19: -10791.65 | M19: -10720.16 | N19: -6583.05
A20: 01ADMI | B20: 61520000 | C20: 61 | D20: CHARGES | E20: =VLOOKUP(C20,[1]Analytique!$A$44:$B$202,2,FALSE) -> Services extérieurs | F20: ENTRET.& REPARAT.BIENS IMMOBIL | H20: -21 437.00 | I20: -379.5 | J20: -379.5 | L20: -21437 | M20: -379.5 | N20: -379.5
A21: 01ADMI | B21: 61550000 | C21: 61 | D21: CHARGES | E21: =VLOOKUP(C21,[1]Analytique!$A$44:$B$202,2,FALSE) -> Services extérieurs | F21: ENTRET. & REPARAT.BIENS MOBIL. | G21: -71 | H21: -6 748.92 | I21: -4 164.27 | J21: -4 164.27 | K21: -71 | L21: -6748.92 | M21: -4164.27 | N21: -4164.27
A22: 01ADMI | B22: 61551000 | C22: 61 | D22: CHARGES | E22: =VLOOKUP(C22,[1]Analytique!$A$44:$B$202,2,FALSE) -> Services extérieurs | F22: ENTRETIEN VEHICULES | H22: -5 214.81 | I22: -4 095.52 | J22: -2 832.87 | L22: -5214.81 | M22: -4095.52 | N22: -2832.87
A23: 01ADMI | B23: 61570000 | C23: 61 | D23: CHARGES | E23: =VLOOKUP(C23,[1]Analytique!$A$44:$B$202,2,FALSE) -> Services extérieurs | F23: TELESURVEILLANCE ERYMA | H23: -624.1 | I23: -955.93 | J23: -955.93 | L23: -624.1 | M23: -955.93 | N23: -955.93
A24: 01ADMI | B24: 61572000 | C24: 61 | D24: CHARGES | E24: =VLOOKUP(C24,[1]Analytique!$A$44:$B$202,2,FALSE) -> Services extérieurs | F24: MAINTENANCE APAVE | H24: -199.14 | I24: -202.42 | J24: -202.42 | L24: -199.14 | M24: -202.42 | N24: -202.42
A25: 01ADMI | B25: 61574000 | C25: 61 | D25: CHARGES | E25: =VLOOKUP(C25,[1]Analytique!$A$44:$B$202,2,FALSE) -> Services extérieurs | F25: MAINTENANCE INFORMATIQUES | H25: -1 899.24 | I25: -633.38 | J25: -633.38 | L25: -1899.24 | M25: -633.38 | N25: -633.38
A26: 01ADMI | B26: 61575000 | C26: 61 | D26: CHARGES | E26: =VLOOKUP(C26,[1]Analytique!$A$44:$B$202,2,FALSE) -> Services extérieurs | F26: MAINTENANCE DIVERSES | H26: -1 510.08 | I26: -237 | J26: -237 | L26: -1510.08 | M26: -237 | N26: -237
A27: 01ADMI | B27: 61600000 | C27: 61 | D27: CHARGES | E27: =VLOOKUP(C27,[1]Analytique!$A$44:$B$202,2,FALSE) -> Services extérieurs | F27: ASSURANCES GENERALES | G27: -475.93 | K27: -475.93
A28: 01ADMI | B28: 61610000 | C28: 61 | D28: CHARGES | E28: =VLOOKUP(C28,[1]Analytique!$A$44:$B$202,2,FALSE) -> Services extérieurs | F28: TOUT RISQUES MARSH | G28: -18 378.99 | K28: -18378.99
A29: 01ADMI | B29: 61615000 | C29: 61 | D29: CHARGES | E29: =VLOOKUP(C29,[1]Analytique!$A$44:$B$202,2,FALSE) -> Services extérieurs | F29: CHANEL ASSURANCE OBJETD'ART | G29: -103.82 | K29: -103.82
A30: 01ADMI | B30: 61630000 | C30: 61 | D30: CHARGES | E30: =VLOOKUP(C30,[1]Analytique!$A$44:$B$202,2,FALSE) -> Services extérieurs | F30: ASSURANCE RESPONSABIL. CIVILE | G30: -18 478.81 | H30: -41 452.49 | I30: -73 353.59 | J30: -25 891.10 | K30: -18478.81 | L30: -41452.49 | M30: -73353.59 | N30: -25891.1
A31: 01ADMI | B31: 61640000 | C31: 61 | D31: CHARGES | E31: =VLOOKUP(C31,[1]Analytique!$A$44:$B$202,2,FALSE) -> Services extérieurs | F31: ASSURANCE TERRORISME | H31: -769.18 | I31: -1 244.78 | J31: -1 244.78 | L31: -769.18 | M31: -1244.78 | N31: -1244.78
A32: 01ADMI | B32: 61650000 | C32: 61 | D32: CHARGES | E32: =VLOOKUP(C32,[1]Analytique!$A$44:$B$202,2,FALSE) -> Services extérieurs | F32: ASSURANCES VEHICULES | H32: -1 758.87 | I32: -2 095.09 | J32: -2 095.09 | L32: -1758.87 | M32: -2095.09 | N32: -2095.09
A33: 01ADMI | B33: =SUMPRODUCT('Source '!A83:A659*'Source '!B83:B659) -> #VALUE! | C33: 61 | D33: CHARGES | E33: =VLOOKUP(C33,[1]Analytique!$A$44:$B$202,2,FALSE) -> #N/A | F33: MARINE CARGO AND TRANSIT | H33: -499.08 | I33: -274.38 | J33: -274.38 | L33: -499.08 | M33: -274.38 | N33: -274.38
A34: 01ADMI | B34: 62220000 | C34: 62 | D34: CHARGES | E34: =VLOOKUP(C34,[1]Analytique!$A$44:$B$202,2,FALSE) -> Autres Services extérieurs | F34: COMMISSIONS/COURTAGES S/VTES | G34: -50 | K34: -50
A35: 01ADMI | B35: 62260000 | C35: 62 | D35: CHARGES | E35: =VLOOKUP(C35,[1]Analytique!$A$44:$B$202,2,FALSE) -> Autres Services extérieurs | F35: HONORAIRES DIVERS | G35: -1 001.70 | H35: -8 105.00 | I35: -24 711.82 | J35: -20 612.80 | K35: -1001.7 | L35: -8105 | M35: -24711.82 | N35: -20612.8
A36: 01ADMI | B36: 62261000 | C36: 62 | D36: CHARGES | E36: =VLOOKUP(C36,[1]Analytique!$A$44:$B$202,2,FALSE) -> Autres Services extérieurs | F36: HONORAIRES 3G AUDIT V CANO | G36: -15 145.00 | H36: -12 650.00 | I36: -2 650.00 | J36: -2 650.00 | K36: -15145 | L36: -12650 | M36: -2650 | N36: -2650
A37: 01ADMI | B37: 62261500 | C37: 62 | D37: CHARGES | E37: =VLOOKUP(C37,[1]Analytique!$A$44:$B$202,2,FALSE) -> Autres Services extérieurs | F37: HONORAIRES Estelle BOUCLAUD | G37: -4 330.00 | H37: -3 375.00 | I37: -4 875.00 | J37: -3 340.00 | K37: -4330 | L37: -3375 | M37: -4875 | N37: -3340
A38: 01ADMI | B38: 62262000 | C38: 62 | D38: CHARGES | E38: =VLOOKUP(C38,[1]Analytique!$A$44:$B$202,2,FALSE) -> Autres Services extérieurs | F38: HONORAIRES SALANS | G38: -4 399.84 | H38: -6 877.37 | K38: -4399.84 | L38: -6877.37
A39: 01ADMI | B39: 62265001 | C39: 62 | D39: CHARGES | E39: =VLOOKUP(C39,[1]Analytique!$A$44:$B$202,2,FALSE) -> Autres Services extérieurs | F39: HONORAIRES PROTECTION MARQUES | G39: -70 | I39: -34 781.66 | J39: -17 199.29 | K39: -70 | M39: -34781.66 | N39: -17199.29
A40: 01ADMI | B40: 62270000 | C40: 62 | D40: CHARGES | E40: =VLOOKUP(C40,[1]Analytique!$A$44:$B$202,2,FALSE) -> Autres Services extérieurs | F40: FRAIS D'ACTES | G40: -3.99 | K40: -3.99
A41: 01ADMI | B41: 62280000 | C41: 62 | D41: CHARGES | E41: =VLOOKUP(C41,[1]Analytique!$A$44:$B$202,2,FALSE) -> Autres Services extérieurs | F41: DIVERS | I41: -67.33 | J41: -46.25 | M41: -67.33 | N41: -46.25
A42: 01ADMI | B42: 62320000 | C42: 62 | D42: CHARGES | E42: =VLOOKUP(C42,[1]Analytique!$A$44:$B$202,2,FALSE) -> Autres Services extérieurs | F42: ECHANTILLONS ET CASSE | H42: -136.73 | L42: -136.73
A43: 01ADMI | B43: 62342200 | C43: 62 | D43: CHARGES | E43: =VLOOKUP(C43,[1]Analytique!$A$44:$B$202,2,FALSE) -> Autres Services extérieurs | F43: CADEAUX AU PERSONNEL | G43: -3 100.00 | H43: -13 260.35 | I43: -3 185.00 | J43: -3 185.00 | K43: -3100 | L43: -13260.35 | M43: -3185 | N43: -3185
A44: 01ADMI | B44: 62380000 | C44: 62 | D44: CHARGES | E44: =VLOOKUP(C44,[1]Analytique!$A$44:$B$202,2,FALSE) -> Autres Services extérieurs | F44: DONS | H44: -150 | L44: -150
A45: 01ADMI | B45: 62410000 | C45: 62 | D45: CHARGES | E45: =VLOOKUP(C45,[1]Analytique!$A$44:$B$202,2,FALSE) -> Autres Services extérieurs | F45: TRANSPORTS SUR ACHATS | G45: -10 | H45: -600.06 | K45: -10 | L45: -600.06
A46: 01ADMI | B46: 62440000 | C46: 62 | D46: CHARGES | E46: =VLOOKUP(C46,[1]Analytique!$A$44:$B$202,2,FALSE) -> Autres Services extérieurs | F46: TRANSPORTS DIVERS | I46: -7 654.50 | J46: -3 118.50 | M46: -7654.5 | N46: -3118.5
A47: 01ADMI | B47: 62510000 | C47: 62 | D47: CHARGES | E47: =VLOOKUP(C47,[1]Analytique!$A$44:$B$202,2,FALSE) -> Autres Services extérieurs | F47: VOYAGES DEPLACEMENTS DIRECTION | I47: -2 600.73 | J47: -1 742.30 | M47: -2600.73 | N47: -1742.3
A48: 01ADMI | B48: 62530000 | C48: 62 | D48: CHARGES | E48: =VLOOKUP(C48,[1]Analytique!$A$44:$B$202,2,FALSE) -> Autres Services extérieurs | F48: VOYAGES DEPLACEMENTS DIVERS | G48: -25.33 | H48: -91.99 | I48: -4 454.98 | J48: -19.6 | K48: -25.33 | L48: -91.99 | M48: -4454.98 | N48: -19.6
A49: 01ADMI | B49: 62560000 | C49: 62 | D49: CHARGES | E49: =VLOOKUP(C49,[1]Analytique!$A$44:$B$202,2,FALSE) -> Autres Services extérieurs | F49: MISSIONS | H49: -163.64 | L49: -163.64
A50: 01ADMI | B50: 62570000 | C50: 62 | D50: CHARGES | E50: =VLOOKUP(C50,[1]Analytique!$A$44:$B$202,2,FALSE) -> Autres Services extérieurs | F50: RECEPTIONS | H50: -427.94 | I50: -4 157.59 | J50: -80.71 | L50: -427.94 | M50: -4157.59 | N50: -80.71
A51: 01ADMI | B51: 62610000 | C51: 62 | D51: CHARGES | E51: =VLOOKUP(C51,[1]Analytique!$A$44:$B$202,2,FALSE) -> Autres Services extérieurs | F51: TELEPHONE | H51: -7 748.63 | I51: -8 931.86 | J51: -6 479.19 | L51: -7748.63 | M51: -8931.86 | N51: -6479.19
A52: 01ADMI | B52: 62611000 | C52: 62 | D52: CHARGES | E52: =VLOOKUP(C52,[1]Analytique!$A$44:$B$202,2,FALSE) -> Autres Services extérieurs | F52: TELEPHONE ALARME | H52: -379.08 | I52: -376.1 | J52: -159.66 | L52: -379.08 | M52: -376.1 | N52: -159.66
A53: 01ADMI | B53: 62612000 | C53: 62 | D53: CHARGES | E53: =VLOOKUP(C53,[1]Analytique!$A$44:$B$202,2,FALSE) -> Autres Services extérieurs | F53: TELEPHONE RESEAU | H53: -12 437.88 | I53: -11 401.39 | J53: -6 218.94 | L53: -12437.88 | M53: -11401.39 | N53: -6218.94
A54: 01ADMI | B54: 62613000 | C54: 62 | D54: CHARGES | E54: =VLOOKUP(C54,[1]Analytique!$A$44:$B$202,2,FALSE) -> Autres Services extérieurs | F54: FAX | H54: -335.11 | I54: -269.25 | J54: -200.02 | L54: -335.11 | M54: -269.25 | N54: -200.02
A55: 01ADMI | B55: 62630000 | C55: 62 | D55: CHARGES | E55: =VLOOKUP(C55,[1]Analytique!$A$44:$B$202,2,FALSE) -> Autres Services extérieurs | F55: AFFRANCHISSEMENTS | G55: -21.33 | H55: -992.42 | I55: -1 169.27 | J55: -573.93 | K55: -21.33 | L55: -992.42 | M55: -1169.27 | N55: -573.93
A56: 01ADMI | B56: 62640000 | C56: 62 | D56: CHARGES | E56: =VLOOKUP(C56,[1]Analytique!$A$44:$B$202,2,FALSE) -> Autres Services extérieurs | F56: ABONNEMENTS | G56: -25 | H56: -319.83 | I56: -175 | J56: -120 | K56: -25 | L56: -319.83 | M56: -175 | N56: -120
A57: 01ADMI | B57: 62780000 | C57: 62 | D57: CHARGES | E57: =VLOOKUP(C57,[1]Analytique!$A$44:$B$202,2,FALSE) -> Autres Services extérieurs | F57: SERVICES BANCAIRES | G57: -5 714.20 | H57: -3 748.12 | I57: -4 083.52 | J57: -2 188.58 | K57: -5714.2 | L57: -3748.12 | M57: -4083.52 | N57: -2188.58
A58: 01ADMI | B58: 62810000 | C58: 62 | D58: CHARGES | E58: =VLOOKUP(C58,[1]Analytique!$A$44:$B$202,2,FALSE) -> Autres Services extérieurs | F58: COTISATIONS | G58: -253.8 | H58: -263 | K58: -253.8 | L58: -263
A59: 01ADMI | B59: 63330000 | C59: 63 | D59: CHARGES | E59: =VLOOKUP(C59,[1]Analytique!$A$44:$B$202,2,FALSE) -> Impôts et taxes | F59: FORMATION PROFESSIONNELLE | G59: -298.68 | H59: -11 265.36 | I59: -1 947.40 | J59: -1 425.56 | K59: -298.68 | L59: -11265.36 | M59: -1947.4 | N59: -1425.56
A60: 01ADMI | B60: 63512000 | C60: 63 | D60: CHARGES | E60: =VLOOKUP(C60,[1]Analytique!$A$44:$B$202,2,FALSE) -> Impôts et taxes | F60: TAXES FONCIERES / HABITATION | G60: -8 728.00 | H60: -8 403.00 | K60: -8728 | L60: -8403
A61: 01ADMI | B61: 63513000 | C61: 63 | D61: CHARGES | E61: =VLOOKUP(C61,[1]Analytique!$A$44:$B$202,2,FALSE) -> Impôts et taxes | F61: TAXE D'HABITATION | H61: -1 543.00 | L61: -1543
A62: 01ADMI | B62: 63514000 | C62: 63 | D62: CHARGES | E62: =VLOOKUP(C62,[1]Analytique!$A$44:$B$202,2,FALSE) -> Impôts et taxes | F62: TAXE SUR VEHICULE | G62: -185.75 | H62: -1 708.00 | K62: -185.75 | L62: -1708
A63: 01ADMI | B63: 63780000 | C63: 63 | D63: CHARGES | E63: =VLOOKUP(C63,[1]Analytique!$A$44:$B$202,2,FALSE) -> Impôts et taxes | F63: TAXES DIVERSES | G63: 4 274.18 | H63: -2 437.00 | I63: -2 741.30 | J63: -2 474.00 | K63: 4274.18 | L63: -2437 | M63: -2741.3 | N63: -2474
A64: 01ADMI | B64: 63890000 | C64: 63 | D64: CHARGES | E64: =VLOOKUP(C64,[1]Analytique!$A$44:$B$202,2,FALSE) -> Impôts et taxes | F64: AUTRES CONGES PAYES | G64: -22.49 | K64: -22.49
A65: 01ADMI | B65: 64110000 | C65: 64 | D65: CHARGES | E65: =VLOOKUP(C65,[1]Analytique!$A$44:$B$202,2,FALSE) -> Charges de personnel | F65: SALAIRES | G65: -38 341.65 | H65: -134 606.45 | I65: -119 345.45 | J65: -119 345.45 | K65: -38341.65 | L65: -134606.45 | M65: -119345.45 | N65: -119345.45
A66: 01ADMI | B66: 64120000 | C66: 64 | D66: CHARGES | E66: =VLOOKUP(C66,[1]Analytique!$A$44:$B$202,2,FALSE) -> Charges de personnel | F66: PROV CONGES PAYES | G66: -1 550.00 | H66: -3 585.33 | I66: 13 934.93 | J66: 13 934.93 | K66: -1550 | L66: -3585.33 | M66: 13934.93 | N66: 13934.93
A67: 01ADMI | B67: 64130000 | C67: 64 | D67: CHARGES | E67: =VLOOKUP(C67,[1]Analytique!$A$44:$B$202,2,FALSE) -> Charges de personnel | F67: PRIMES & GRATIFICATIONS | G67: -5 861.36 | H67: -18 254.51 | I67: -23 992.38 | J67: -23 992.38 | K67: -5861.36 | L67: -18254.51 | M67: -23992.38 | N67: -23992.38
A68: 01ADMI | B68: 64140000 | C68: 64 | D68: CHARGES | E68: =VLOOKUP(C68,[1]Analytique!$A$44:$B$202,2,FALSE) -> Charges de personnel | F68: IND AVANTAGES DIVERS | G68: -1 200.00 | H68: -4 402.60 | I68: -2 448.00 | J68: -2 448.00 | K68: -1200 | L68: -4402.6 | M68: -2448 | N68: -2448
A69: 01ADMI | B69: 64170000 | C69: 64 | D69: CHARGES | E69: =VLOOKUP(C69,[1]Analytique!$A$44:$B$202,2,FALSE) -> Charges de personnel | F69: AUTRES CHARGES DE PERSONNEL | I69: -6 262.20 | J69: -4 195.80 | M69: -6262.2 | N69: -4195.8
A70: 01ADMI | B70: 64510000 | C70: 64 | D70: CHARGES | E70: =VLOOKUP(C70,[1]Analytique!$A$44:$B$202,2,FALSE) -> Charges de personnel | F70: MUTUALITE SOCIALE AGRICOLE | G70: -23 992.44 | H70: -66 621.26 | I70: -55 225.78 | J70: -55 225.78 | K70: -23992.44 | L70: -66621.26 | M70: -55225.78 | N70: -55225.78
A71: 01ADMI | B71: 64512000 | C71: 64 | D71: CHARGES | E71: =VLOOKUP(C71,[1]Analytique!$A$44:$B$202,2,FALSE) -> Charges de personnel | F71: MSA INCAPACITE AGRICA | H71: -257.65 | I71: -105.71 | J71: -105.71 | L71: -257.65 | M71: -105.71 | N71: -105.71
A72: 01ADMI | B72: 64524000 | C72: 64 | D72: CHARGES | E72: =VLOOKUP(C72,[1]Analytique!$A$44:$B$202,2,FALSE) -> Charges de personnel | F72: MUTUELLE EOVI-Mcd Mutuelle | H72: -1 237.65 | I72: -1 505.06 | J72: -1 505.06 | L72: -1237.65 | M72: -1505.06 | N72: -1505.06
A73: 01ADMI | B73: 64535000 | C73: 64 | D73: CHARGES | E73: =VLOOKUP(C73,[1]Analytique!$A$44:$B$202,2,FALSE) -> Charges de personnel | F73: CPCEA | G73: -3 914.32 | H73: -7 149.43 | I73: -4 177.52 | J73: -4 177.52 | K73: -3914.32 | L73: -7149.43 | M73: -4177.52 | N73: -4177.52
A74: 01ADMI | B74: 64560000 | C74: 64 | D74: CHARGES | E74: =VLOOKUP(C74,[1]Analytique!$A$44:$B$202,2,FALSE) -> Charges de personnel | F74: CHARGES SOCIALES CONGES PAYES | G74: -775.76 | H74: -1 483.94 | I74: 6 332.62 | J74: 6 332.62 | K74: -775.76 | L74: -1483.94 | M74: 6332.62 | N74: 6332.62
A75: 01ADMI | B75: 64810000 | C75: 64 | D75: CHARGES | E75: =VLOOKUP(C75,[1]Analytique!$A$44:$B$202,2,FALSE) -> Charges de personnel | F75: REMBOURSEMENT TRANSPORT | I75: -421.75 | J75: -421.75 | M75: -421.75 | N75: -421.75
A76: 01ADMI | B76: 65110000 | C76: 65 | D76: CHARGES | E76: =VLOOKUP(C76,[1]Analytique!$A$44:$B$202,2,FALSE) -> Autres charges de gestion | F76: REDEVANCES LICENCES | H76: -2 034.38 | L76: -2034.38
A77: 01ADMI | B77: 65800000 | C77: 65 | D77: CHARGES | E77: =VLOOKUP(C77,[1]Analytique!$A$44:$B$202,2,FALSE) -> Autres charges de gestion | F77: CHARGES DIVERSES GESTION COUR. | G77: -177.21 | H77: -23.63 | I77: -1.25 | J77: -0.15 | K77: -177.21 | L77: -23.63 | M77: -1.25 | N77: -0.15
A78: 01ADMI | B78: 66160000 | C78: 66 | D78: CHARGES | E78: =VLOOKUP(C78,[1]Analytique!$A$44:$B$202,2,FALSE) -> Charges Financières | F78: INT. BANC S/OPERAT FINANCEMENT | H78: -1 775.02 | I78: -252.14 | J78: -246.69 | L78: -1775.02 | M78: -252.14 | N78: -246.69
A79: 01ADMI | B79: 66600000 | C79: 66 | D79: CHARGES | E79: =VLOOKUP(C79,[1]Analytique!$A$44:$B$202,2,FALSE) -> Charges Financières | F79: PERTES DE CHANGE | H79: -1 758.05 | L79: -1758.05
A80: 01ADMI | B80: 66800000 | C80: 66 | D80: CHARGES | E80: =VLOOKUP(C80,[1]Analytique!$A$44:$B$202,2,FALSE) -> Charges Financières | F80: ECART SUR EUROS | G80: -44.04 | K80: -44.04
A81: 01ADMI | B81: 67190000 | C81: 67 | D81: CHARGES | E81: =VLOOKUP(C81,[1]Analytique!$A$44:$B$202,2,FALSE) -> Charges exceptionnelles | F81: AMENDES ET PENALITES NON DEDUCT | I81: -450 | J81: -450 | M81: -450 | N81: -450
A82: 01ADMI | B82: 67200000 | C82: 67 | D82: CHARGES | E82: =VLOOKUP(C82,[1]Analytique!$A$44:$B$202,2,FALSE) -> Charges exceptionnelles | F82: CHARGES SUR EXERC ANTERIEURS | G82: -27.09 | H82: -2 824.35 | I82: -5 148.30 | J82: -5 148.30 | K82: -27.09 | L82: -2824.35 | M82: -5148.3 | N82: -5148.3
A83: 01ADMI | B83: 68112000 | C83: 68 | D83: CHARGES | E83: =VLOOKUP(C83,[1]Analytique!$A$44:$B$202,2,FALSE) -> Dot amort,dépréciat provisions | F83: DOTAT AMORTIS IMMOB CORPORE | G83: -93 136.84 | H83: -151 971.35 | K83: -93136.84 | L83: -151971.35
A84: 01ADMI | B84: 75800000 | C84: 75 | D84: CHARGES | E84: =VLOOKUP(C84,[1]Analytique!$A$44:$B$202,2,FALSE) -> #N/A | F84: PRODUITS DIVERS GEST. COURANTE | G84: 150.74 | H84: 2 950.41 | I84: 2.06 | J84: 2.06 | K84: 150.74 | L84: 2950.41 | M84: 2.06 | N84: 2.06
A85: 01ADMI | B85: 76400000 | C85: 76 | D85: CHARGES | E85: =VLOOKUP(C85,[1]Analytique!$A$44:$B$202,2,FALSE) -> #N/A | F85: REVENUS VAL MOB DE PLACEMENT | G85: 585.1 | K85: 585.1
A86: 01ADMI | B86: 76600000 | C86: 76 | D86: CHARGES | E86: =VLOOKUP(C86,[1]Analytique!$A$44:$B$202,2,FALSE) -> #N/A | F86: GAINS DE CHANGE | G86: 835.98 | H86: 900.07 | K86: 835.98 | L86: 900.07
A87: 01ADMI | B87: 77200000 | C87: 77 | D87: CHARGES | E87: =VLOOKUP(C87,[1]Analytique!$A$44:$B$202,2,FALSE) -> #N/A | F87: PRODUITS SUR EXER ANTERIEURS | G87: 28.8 | I87: 27 873.39 | J87: 27 873.39 | K87: 28.8 | M87: 27873.39 | N87: 27873.39
A88: 01ADMI | B88: 77521960 | C88: 77 | D88: CHARGES | E88: =VLOOKUP(C88,[1]Analytique!$A$44:$B$202,2,FALSE) -> #N/A | F88: IMMO CORP HORS TVA | I88: 190 | J88: 190 | M88: 190 | N88: 190
A89: 01ADMI | B89: 77522000 | C89: 77 | D89: CHARGES | E89: =VLOOKUP(C89,[1]Analytique!$A$44:$B$202,2,FALSE) -> #N/A | F89: IMMO CORP TVA | I89: 1 916.48 | J89: 1 916.48 | M89: 1916.48 | N89: 1916.48
A90: 01ADMI | B90: 79100000 | C90: 79 | D90: CHARGES | E90: =VLOOKUP(C90,[1]Analytique!$A$44:$B$202,2,FALSE) -> #N/A | F90: TRANSFERT CHARGES EXPLOITATION | G90: 1 200.00 | H90: 7 632.70 | K90: 1200 | L90: 7632.7
A91: 01ADMI | B91: 79110000 | C91: 79 | D91: CHARGES | E91: =VLOOKUP(C91,[1]Analytique!$A$44:$B$202,2,FALSE) -> #N/A | F91: TRANSFERT DE CHARGES | I91: 2 448.00 | J91: 2 448.00 | M91: 2448 | N91: 2448
A92: 01ADMI | B92: 79150000 | C92: 79 | D92: CHARGES | E92: =VLOOKUP(C92,[1]Analytique!$A$44:$B$202,2,FALSE) -> #N/A | F92: Transfert de Charges avec TVA | G92: 466 | K92: 466
A93: 01BURE | B93: 60240000 | C93: 60 | D93: CHARGES | E93: =VLOOKUP(C93,[1]Analytique!$A$44:$B$202,2,FALSE) -> Achats | F93: FOURNITURES DE BUREAU | G93: -4 773.10 | K93: -4773.1
A94: 01BURE | B94: 60610000 | C94: 60 | D94: CHARGES | E94: =VLOOKUP(C94,[1]Analytique!$A$44:$B$202,2,FALSE) -> Achats | F94: EAU | G94: -1 061.75 | K94: -1061.75
A95: 01BURE | B95: 60630000 | C95: 60 | D95: CHARGES | E95: =VLOOKUP(C95,[1]Analytique!$A$44:$B$202,2,FALSE) -> Achats | F95: ELECTRICITE | G95: -1 573.32 | K95: -1573.32
A96: 01BURE | B96: 60640000 | C96: 60 | D96: CHARGES | E96: =VLOOKUP(C96,[1]Analytique!$A$44:$B$202,2,FALSE) -> Achats | F96: CARBURANTS CONSOMMES | G96: -1 592.98 | K96: -1592.98
A97: 01BURE | B97: 60660000 | C97: 60 | D97: CHARGES | E97: =VLOOKUP(C97,[1]Analytique!$A$44:$B$202,2,FALSE) -> Achats | F97: FOURNIT. ENTRETIEN & PT EQUIP. | G97: -4 459.72 | K97: -4459.72
A98: 01BURE | B98: 61320000 | C98: 61 | D98: CHARGES | E98: =VLOOKUP(C98,[1]Analytique!$A$44:$B$202,2,FALSE) -> Services extérieurs | F98: LOCATIONS DE MATERIEL | G98: -9 675.31 | K98: -9675.31
A99: 01BURE | B99: 61520000 | C99: 61 | D99: CHARGES | E99: =VLOOKUP(C99,[1]Analytique!$A$44:$B$202,2,FALSE) -> Services extérieurs | F99: ENTRET.& REPARAT.BIENS IMMOBIL | G99: -919.35 | K99: -919.35
A100: 01BURE | B100: 61550000 | C100: 61 | D100: CHARGES | E100: =VLOOKUP(C100,[1]Analytique!$A$44:$B$202,2,FALSE) -> Services extérieurs | F100: ENTRET. & REPARAT.BIENS MOBIL. | G100: -1 027.87 | K100: -1027.87
A101: 01BURE | B101: 61551000 | C101: 61 | D101: CHARGES | E101: =VLOOKUP(C101,[1]Analytique!$A$44:$B$202,2,FALSE) -> Services extérieurs | F101: ENTRETIEN VEHICULES | G101: -1 449.34 | K101: -1449.34
A102: 01BURE | B102: 61570000 | C102: 61 | D102: CHARGES | E102: =VLOOKUP(C102,[1]Analytique!$A$44:$B$202,2,FALSE) -> Services extérieurs | F102: TELESURVEILLANCE ERYMA | G102: -723.33 | K102: -723.33
A103: 01BURE | B103: 61572000 | C103: 61 | D103: CHARGES | E103: =VLOOKUP(C103,[1]Analytique!$A$44:$B$202,2,FALSE) -> Services extérieurs | F103: MAINTENANCE APAVE | G103: -196.2 | K103: -196.2
A104: 01BURE | B104: 61574000 | C104: 61 | D104: CHARGES | E104: =VLOOKUP(C104,[1]Analytique!$A$44:$B$202,2,FALSE) -> Services extérieurs | F104: MAINTENANCE INFORMATIQUES | G104: -1 599.32 | K104: -1599.32
...
